 Dungeon Crawl Stone Soup version 0.28.0 (webtiles) character file.

Game seed: 9674002227835499936

21 Host24 the Bolt Thrower (level 3, 0/23 HPs)
             Began as a Kobold Hunter on Feb 23, 2022.
             Slain by a gnoll (4 damage)
             ... on level 1 of the Dungeon.
             The game lasted 00:01:27 (684 turns).

Host24 the Bolt Thrower (Kobold Hunter)              Turns: 684, Time: 00:01:28

Health: 0/23       AC:  3    Str: 11    XL:     3   Next: 5%
Magic:  3/3        EV: 14    Int: 12    God:
Gold:   31         SH:  0    Dex: 15    Spells: 2/2 levels left

rFire   . . .      SeeInvis .   a - +1 hand crossbow
rCold   . . .      Faith    .   (no shield)
rNeg    . . .      Spirit   .   c - +0 leather armour
rPois   .          Reflect  .   (no helmet)
rElec   .          Harm     .   (no cloak)
rCorr   .          Rampage  .   (no gloves)
Will    .....                   (no boots)
Stlth   +++.......              (no amulet)
HPRegen 0.07/turn               (no ring)
MPRegen 0.08/turn               (no ring)

@: no status effects
A: small, no large weapons, nightstalker 3
a: no special abilities


You were on level 1 of the Dungeon.
You visited 1 branch of the dungeon, and saw 1 of its levels.

You collected 31 gold pieces.

Inventory:

Hand Weapons
 a - a +1 hand crossbow (weapon)
 j - a +1 dagger of venom
Missiles
 d - 30 bolts (quivered ammo)
 g - 21 stones
Armour
 c - a +0 leather armour (worn)
Scrolls
 b - 2 scrolls of identify {unknown}
 h - a scroll of enchant weapon {unknown}
Potions
 e - a potion of mutation {unknown}
 f - a potion of berserk rage {unknown}
 i - a potion of lignification {unknown}


   Skills:
 - Level 3.0 Fighting
 + Level 5.0 Crossbows
 - Level 3.0 Dodging
 - Level 1.3 Stealth


You had 2 spell levels left.
You didn't know any spells.
Your spell library was empty.

Dungeon Overview and Level Annotations

Branches:
Dungeon (1/15)

Altars:

Shops:
D:1 (


Innate Abilities, Weirdness & Mutations

You are small and have problems with some larger weapons.
You are completely attuned to the shadows.


Message History

Your experience leads to an increase in your attributes!
Increase (S)trength, (I)ntelligence, or (D)exterity?
You feel stronger. x2
Things that are here:
a +0 short sword; a dart slug corpse; a kobold corpse You now have 31 gold pieces (gained 10).
b - 2 scrolls labelled QYL UWYROCWAO (gained 1)
A frilled lizard comes into view.
A frilled lizard is nearby!
A gnoll comes into view. It is wielding a +0 spear.
Found 10 gold pieces.
The gnoll shouts!
The frilled lizard hisses angrily.
You miss the frilled lizard.
The gnoll hits you from afar with a +0 spear.
The frilled lizard closely misses you.
You hit the frilled lizard.
You kill the frilled lizard!
The gnoll barely misses you. The gnoll misses you.
Your +1 dagger of venom stops dripping with poison.
a - a +1 hand crossbow (weapon)
The gnoll hits you from afar with a +0 spear.
Fire: 32 bolts
Press: ? - help, Q - select action, (/) - cycle Shift-Dir - straight line, f - gnoll
Aim: a gnoll, wielding a +0 spear (69% to hit)
You shoot a bolt. The bolt barely misses the gnoll.
The gnoll hits you from afar with a +0 spear.
Unknown command.
Fire: 31 bolts
Press: ? - help, Q - select action, (/) - cycle Shift-Dir - straight line, f/p - gnoll
Aim: a gnoll, wielding a +0 spear (69% to hit)
You shoot a bolt. The bolt barely misses the gnoll.
The gnoll hits you from afar with a +0 spear!
* * * LOW HITPOINT WARNING * * *
Fire: 30 bolts
Press: ? - help, Q - select action, (/) - cycle Shift-Dir - straight line, f/p - gnoll
Aim: a gnoll, wielding a +0 spear (69% to hit)
Okay, then.
The gnoll hits you from afar with a +0 spear.
You die...

.. #.# ###
.... #.#
..#.##.#
.......#
#.....##(.##.
......##..###
......##..###
.......#g$##
#.....@...#
######...##
#..## ####


You could see a gnoll.

Vanquished Creatures
  A dart slug (D:1)
  2 giant cockroaches (D:1)
  A goblin (D:1)
  2 hobgoblins (D:1)
  3 kobolds (D:1)
  A quokka (D:1)
  A ball python (D:1)
  4 bats (D:1)
  2 frilled lizards (D:1)
  A rat (D:1)
18 creatures vanquished.

Notes
Turn   | Place    | Note
-------+----------+-------------------------------------------
     0 | D:1      | Host24 the Kobold Hunter began the quest for the Orb.
     0 | D:1      | Reached XP level 1. HP: 12/12 MP: 1/1
    48 | D:1      | Found a faded altar of an unknown god.
    54 | D:1      | Reached skill level 5 in Crossbows
   222 | D:1      | Found Onkaugos's Antique Weapon Emporium.
   278 | D:1      | Reached XP level 2. HP: 16/18 MP: 2/2
   587 | D:1      | Reached XP level 3. HP: 18/23 MP: 3/3
   684 | D:1      | Slain by a gnoll

Illustrated notes

Levels and vault maps discovered:
D:1:      wander_arrival_abandoned_jail, layout_loops_cross, serial_shops, shop,
          dreamdust_ecumenical_altar_statues, moated_statue,
          hangedman_glass_teeth, minmay_hexomino_p4

Skill      XL: |  1  2 |
---------------+-------+-----
Crossbows      | 5 |  5.0
Fighting       | 3 |  3.0
Dodging        | 3 |  3.0
Stealth        | |  1.3

Action                   || total
-------------------------++-------
Melee: Short sword       ||    29
       Dagger            ||    21
 Fire: Hand crossbow     ||     3
 Stab: Sleeping          ||     7
Armor: Leather armour    ||     9
Dodge: Dodged            ||    46
